Map: Catalyst LE

Players

Kelazhur - Winner!

  • Race: Terran Terran
  • Spawn Location: 11:00

DeMusliM

  • Race: Terran Terran
  • Spawn Location: 5:00

Event: WCS Valencia 2018

VOD

Have the link to the VOD?

Description

Time

  • Played on: July 12, 2018, 12:57 p.m.
  • Length: 6:57

All games in this series

Show
View Real Time Build Order
Export as new Build Order

Kelazhur Terran - Winner!

Build Orders: 1/1/1, Cyclone Opening 

Get SALT Encoding   

  12  0:00  SCV  
  13  0:12  SCV  
  14  0:17  Supply Depot  
  14  0:24  SCV  
  14  0:28  Refinery  
  15  0:38  SCV  
  16  0:44  Barracks  
  16  0:50  SCV  
  16  0:54  Refinery  
  17  1:02  SCV  
  18  1:15  SCV  
  19  1:30  Orbital Command  
  19  1:32  Factory  
  19  1:35  Reaper  
  20  1:46  Supply Depot  
  20  1:56  SCV  
  21  2:07  Reaper  
  22  2:08  SCV  
  23  2:16  Cyclone  
  23  2:19  Starport  
  27  2:22  SCV  
  27  2:30  Supply Depot  
  27  2:35  SCV  
  28  2:40  Barracks Tech Lab  
  28  2:48  SCV  
  29  2:51  Cyclone  
  29  2:56  Supply Depot  
  32  3:06  Banshee  
  32  3:09  SCV  
  36  3:22  SCV  
  36  3:24  Cyclone  
  39  3:39  Command Center  
  39  3:46  SCV  
  40  3:54  Supply Depot  
  40  4:01  Raven  
  40  4:03  SCV  
  40  4:06  Barracks Reactor  
  41  4:10  Factory Tech Lab  
  41  4:15  SCV  
  42  4:17  Bunker, Supply Depot  
  42  4:27  SCV  
  43  4:33  Siege Tank  
  43  4:39  SCV  
  43  4:42  Marine x2  
  46  4:48  Viking  
  46  4:51  SCV, Orbital Command  
  49  5:00  Marine x2  
  49  5:04  SCV  
  52  5:11  Siege Tank  
  55  5:16  SCV  
  55  5:18  Marine x2  
  55  5:19  SCV  
  56  5:30  SCV  
  56  5:34  SCV  
  58  5:43  SCV, Siege Tank  
  58  5:44  Marine  
  58  5:46  SCV  
  64  5:51  Refinery  
  64  5:52  Refinery  
  64  5:55  SCV  
  65  5:58  SCV, Command Center  
  65  6:02  Marine  
  67  6:07  SCV  
  67  6:10  SCV, Barracks  
  66  6:12  Barracks  
  66  6:16  Starport Reactor  
  66  6:17  Engineering Bay  
  66  6:18  Engineering Bay  
  66  6:19  SCV  
  66  6:20  Marine  
  66  6:22  SCV  
  66  6:31  SCV  
  70  6:34  SCV  
  70  6:38  Marine  
  72  6:43  SCV  
Show
View Real Time Build Order
Export as new Build Order

DeMusliM Terran 

Build Orders: Cyclone Opening 

Get SALT Encoding   

  12  0:01  SCV  
  13  0:13  SCV  
  14  0:17  Supply Depot  
  14  0:25  SCV  
  15  0:30  Refinery  
  15  0:39  SCV  
  16  0:45  Barracks  
  16  0:51  SCV  
  16  0:56  Refinery  
  17  1:03  SCV  
  18  1:15  SCV  
  19  1:32  Orbital Command  
  19  1:33  Reaper  
  19  1:37  Factory  
  20  1:52  Supply Depot  
  20  1:58  SCV  
  21  2:05  Barracks Reactor  
  21  2:10  SCV  
  22  2:21  Cyclone  
  22  2:22  SCV  
  26  2:33  Command Center  
  26  2:36  SCV  
  27  2:40  Supply Depot  
  27  2:48  SCV  
  28  2:59  Cyclone  
  28  3:02  SCV  
  28  3:03  Cyclone  
  35  3:14  SCV  
  36  3:26  SCV  
  35  3:30  Engineering Bay  
  35  3:32  Cyclone  
  38  3:38  SCV  
  39  3:54  Cyclone, SCV  
  41  4:03  Missile Turret, Orbital Command  
  41  4:04  Missile Turret  
  41  4:06  SCV  
  41  4:07  Barracks Tech Lab  
  41  4:17  Cyclone  
  41  4:18  SCV  
  45  4:30  Cyclone, SCV  
  50  4:31  SCV  
  50  4:42  SCV  
  50  4:43  Supply Depot, SCV  
  52  4:53  Stimpack, Marine  
  52  4:55  SCV  
  54  5:05  SCV  
  54  5:06  Supply Depot  
  55  5:10  SCV, Marine  
  57  5:15  Factory Reactor  
  57  5:17  SCV  
  58  5:22  SCV  
  53  5:29  SCV  
  53  5:34  SCV  
  52  5:36  Command Center  
  52  5:37  Marine  
  52  5:41  SCV  
  53  5:43  Barracks  
  53  5:46  SCV  
  51  5:53  SCV  
  51  5:58  SCV  
  51  6:01  Factory Reactor  
  51  6:05  SCV  
  51  6:10  SCV  
  51  6:15  Starport  
  51  6:17  SCV, Refinery  
  52  6:18  Barracks  
  52  6:19  Refinery  
  52  6:21  Engineering Bay  
  52  6:22  SCV  
  53  6:29  SCV  
  54  6:35  SCV  
  54  6:36  Marine x2  
  51  6:50  Factory Tech Lab  
Tags
 
Add a new tag
Caveats
  • Supply blocks, unpowered buildings, or Contaminate may cause inaccurate times.
  • Supply counts are checked every 10 seconds.